 Dungeon Crawl Stone Soup version 0.22-a0-587-g7d32d7c (webtiles) character file.

66 vineage the Skirmisher (level 4, -1/29 HPs)
             Began as a Gargoyle Fighter on July 4, 2018.
             Slain by Terence
             ... wielding a +2 flail of protection
              (8 damage)
             ... on level 2 of the Dungeon.
             The game lasted 00:01:36 (986 turns).

vineage the Skirmisher (Gargoyle Fighter)            Turns: 986, Time: 00:01:36

Health: -1/29      AC: 10    Str: 19    XL:     4   Next: 15%
Magic:  4/4        EV:  7    Int:  9    God:
Gold:   43         SH:  9    Dex: 10    Spells: 3/3 levels left

rFire    . . .     SeeInvis .   a - +0 war axe
rCold    . . .     Gourm    .   c - +0 shield
rNeg     + . .     Faith    .   b - +0 scale mail
rPois    ∞         Spirit   .   (no helmet)
rElec    +         Reflect  .   (no cloak)
rCorr    .         Harm     .   (no gloves)
MR       .....                  (no boots)
Stlth    ..........             (no amulet)
HPRegen  0.09/turn              (no ring)
MPRegen  0.09/turn              (no ring)

@: no status effects
A: negative energy resistance 1, electricity resistance, unbreathing,
petrification resistance, rot immunity, AC +3
a: no special abilities


You were on level 2 of the Dungeon.
You were hungry.

You visited 1 branch of the dungeon, and saw 2 of its levels.

You collected 43 gold pieces.

Inventory:

Hand Weapons
 a - a +0 war axe (weapon)
Armour
 b - a +0 scale mail (worn)
 c - a +0 shield (worn)
Jewellery
 m - an uncursed ring of protection from magic {unknown}
Scrolls
 g - a scroll of teleportation {unknown}
 i - 2 scrolls of magic mapping {unknown}
 j - 2 scrolls of remove curse {unknown}
 k - 2 scrolls of identify {unknown}
Potions
 d - a potion of might
 e - a potion of brilliance {unknown}
 h - a potion of curing {unknown}
 l - a potion of lignification {unknown}
 n - a potion of haste {unknown}
Comestibles
 f - 6 rations


   Skills:
 * Level 4.2 Fighting
 + Level 2.4 Axes
 + Level 3.6 Armour
 + Level 3.8 Shields


You had 3 spell levels left.
You didn't know any spells.
Your spell library was empty.

Dungeon Overview and Level Annotations

Branches:
Dungeon (2/15)

Altars:

Annotations:
D:2 Terence


Innate Abilities, Weirdness & Mutations

You are resistant to torment.
Your stone body is resilient. (AC +3)
You are immune to poison.
You resist negative energy. (rN+)
You are resistant to electric shocks. (rElec)
You can survive without breathing.
You are immune to petrification.
You are immune to rotting.


Message History

You hit Terence but do no damage.
Terence is heavily wounded.
You hit Terence but do no damage.
Terence is heavily wounded.
Terence barely misses you.
You closely miss Terence.
Terence is heavily wounded.
Terence looks more energetic.
Terence barely misses you.
You hit Terence but do no damage.
Terence is heavily wounded.
Terence hits you but does no damage.
You hit Terence but do no damage.
Terence is heavily wounded.
Terence drinks a potion.
Terence goes berserk!
Terence closely misses you.
You closely miss Terence.
Terence is heavily wounded.
Terence hits you with a flail of protection.
* * * LOW HITPOINT WARNING * * *
Terence hits you with a flail of protection!
You die...

.#.## #.≈≈.#8.#.....#..
.##.## #.≈≈.##.#.......
.###.###.≈≈.##.#.....#
.##.#.##.≈≈.##.#.....#
##.###.#.≈≈.#).#.....#
.#(###.#.≈≈.#8.#.....#
##.##†##.≈≈.##.#.#.......
.##†#.##.≈≈.##.#@#.l@....
.##.###..≈≈.##.#@#.......
.##.##.#.≈≈.#..#.#.......
.#.##.##.≈≈.#8...#.......
###..####≈≈#####.#.......
.###############(########
.................##
.>................#
#################.#
#.....##.#


You could see Terence (berserk).

Vanquished Creatures
  An adder (D:2)
  2 oozes (D:1)
  A worm (D:2)
  A dart slug (D:2)
  A leopard gecko (D:1)
  A ball python (D:2)
  2 giant cockroaches
  7 goblins
  3 hobgoblins
  A quokka (D:2)
  5 bats
  5 frilled lizards
  6 kobolds
  6 rats
42 creatures vanquished.

Notes
Turn   | Place    | Note
-------+----------+-------------------------------------------
     0 | D:1      | vineage the Gargoyle Fighter began the quest for the Orb.
     0 | D:1      | Reached XP level 1. HP: 14/14 MP: 1/1
    69 | D:1      | Reached XP level 2. HP: 19/19 MP: 2/2
   196 | D:1      | Reached XP level 3. HP: 24/24 MP: 3/3
   356 | D:1      | Reached skill level 4 in Fighting
   750 | D:2      | Reached XP level 4. HP: 29/29 MP: 4/4
   953 | D:2      | Noticed Terence
   986 | D:2      | Slain by Terence

Vault maps used:
D:1:      minmay_arrival_jagged
D:2:      wad_river_or_something, old_standard_altar, first_ration, uniq_terence

Skill      XL: |  1  2  3 |
---------------+----------+-----
Axes           | 2 |  2.4
Fighting       | 4 |  4.2
Armour         | |  3.6
Shields        | |  3.8

Action                   |  1- 3 |  4- 6 || total
-------------------------+-------+-------++-------
Melee: War axe           |    87 |    60 ||   147
Armor: Scale mail        |    54 |    28 ||    82
Dodge: Dodged            |    31 |    11 ||    42
Block: Shield            |    47 |    24 ||    71

Table legend:
 A = Spawn XP
 B = Non-spawn XP
 C = Spawn XP percentage of total XP
 D = Spawn monster count
 E = Non-spawn monster count
 F = Spawn count percentage of total count
 G = Total turns spent on level
                    A         B        C        D         E        F      G
               +---------+---------+-------+---------+---------+-------+---------
         Total |       0 |      95 |   0.0 |       0 |      42 |   0.0 |   986
               +---------+---------+-------+---------+---------+-------+---------
           D:1 |       0 |      49 |   0.0 |       0 |      23 |   0.0 |   567
           D:2 |       0 |      46 |   0.0 |       0 |      19 |   0.0 |   419
               +---------+---------+-------+---------+---------+-------+---------
